 Dungeon Crawl Stone Soup version 0.25-a0-55-g0753fd1ad2 (webtiles) character file.

Game seed: 18154506054343630068, levelgen mode: deterministic

80 Conn the Firebug (level 4, -1/27 HPs)
             Began as an Octopode Fire Elementalist on Oct 25, 2019.
             Slain by an orc
             ... wielding a +0 mace
              (10 damage)
             ... on level 3 of the Dungeon.
             The game lasted 00:04:10 (2208 turns).

Conn the Firebug (Octopode Fire Elementalist)       Turns: 2208, Time: 00:04:11

Health: -1/27      AC:  2    Str:  7    XL:     4   Next: 39%
Magic:  1/7        EV: 13    Int: 18    God:
Gold:   122        SH:  0    Dex: 12    Spells: 6/7 levels left

rFire    x . .     SeeInvis .   d - +0 dagger
rCold    + . .     Gourm    .   (no shield)
rNeg     . . .     Faith    .   j - +1 hat
rPois    .         Spirit   .   (no amulet)
rElec    .         Reflect  .   e - ring of ice
rCorr    .         Harm     .   (no ring)
MR       .....                  (no ring)
Stlth    +++.......             (no ring)
HPRegen  0.09/turn              (no ring)
MPRegen  0.10/turn              (no ring)
                                (no ring)
                                (no ring)

@: very slightly contaminated
A: almost no armour, stealthy swim, amphibious, 8 rings, constrict 8, camouflage
1, gelatinous body 1
a: no special abilities


You were on level 3 of the Dungeon.
You were hungry.

You visited 1 branch of the dungeon, and saw 3 of its levels.

You collected 122 gold pieces.

Inventory:

Hand Weapons
 d - a +0 dagger (weapon)
Missiles
 p - 2 boomerangs (quivered)
Armour
 j - a +1 hat (worn)
Jewellery
 e - a ring of ice (left tentacle)
 i - a cursed -2 ring of intelligence {unknown}
Scrolls
 c - 6 scrolls of identify {unknown}
 f - a scroll of remove curse {unknown}
 g - 3 scrolls of teleportation {unknown}
 h - a scroll of immolation {unknown}
 k - a scroll of blinking {unknown}
 n - a scroll of amnesia {unknown}
Potions
 l - 3 potions of curing {unknown}
 m - a potion of might {unknown}
 o - a potion of lignification {unknown}
 q - a potion of haste {unknown}
Comestibles
 a - 2 chunks of flesh
 b - 2 rations


   Skills:
 + Level 0.1 Fighting
 + Level 0.3 Short Blades
 + Level 2.1 Dodging
 + Level 3.9 Stealth
 + Level 2.4 Spellcasting
 + Level 1.5 Conjurations
 + Level 3.9 Fire Magic


You had 6 spell levels left.
You knew the following spells:

 Your Spells              Type           Power        Failure   Level  Hunger
a - Flame Tongue          Conj/Fire      ##...        5%          1    #......

Your spell library contained the following spells:

 Spells                   Type           Power        Failure   Level  Hunger
 Throw Flame              Conj/Fire      ##....       9%          2    ##.....
 Conjure Flame            Conj/Fire      ##......     17%         3    ###....
 Inner Flame              Hex/Fire       #.......     24%         3    ###....
 Sticky Flame             Conj/Fire      ##......     50%         4    #####..
 Fireball                 Conj/Fire      ##........   83%         5    ######.


Dungeon Overview and Level Annotations

Branches:
Dungeon (3/15)

Altars:
Ashenzari
Fedhas
Qazlal
Trog


Innate Abilities, Weirdness & Mutations

You cannot wear most types of armour.
You are very stealthy in the water. (Stealth+)
You are amphibious.
You can wear up to eight rings at the same time.
You can use your tentacles to constrict eight enemies at once.
Your skin changes colour to match your surroundings (Stealth+).
Your rubbery body absorbs attacks. (AC +1, EV +1)


Message History

Aim: an orc, wielding a +0 mace and wearing a +0 ring mail You throw a boomerang.
The boomerang barely misses the orc.
The boomerang hits the dart slug.
The dart slug is moderately wounded.
You hit the orc but do no damage. Your grab misses the orc.
The orc hits you with a +0 mace.
You hit the orc but do no damage. Your grab misses the orc.
You are feeling hungry.
The orc hits you with a +0 mace.
You hit the orc. You grab the orc.
The orc is lightly wounded.
You constrict the orc, but do no damage.
The orc hits you but does no damage.
You hit the orc but do no damage. You squeeze the orc.
The orc is moderately wounded.
You constrict the orc. You hit the orc but do no damage.
The orc is heavily wounded.
You constrict the orc. The orc hits you with a +0 mace!
You die...

.. ##รท#....## ...
#>...#.... ...l
#.##....##
.....##.###.#..#
............##.#
#######.######.#
########.## #.#
##..####.........#
#.#
.#.rwwo@...####..#
#.# ....####...#
#..# #.# . #####
#..# #.# ####..###
#.# #..[....# #.#
#.#####.###.. #.#
#...... #.#
#.###.. #.# #.#
#.#


You could see 2 dart slugs, an orc and a rat.

Vanquished Creatures
  2 adders (D:3)
  2 dart slugs
  A leopard gecko (D:1)
  6 orcs
  3 bats
  4 giant cockroaches
  4 goblins
  10 hobgoblins
  2 jackals (D:3)
  A ball python (D:1)
  2 frilled lizards (D:1)
  4 kobolds
  5 rats
46 creatures vanquished.

Notes
Turn   | Place    | Note
-------+----------+-------------------------------------------
     0 | D:1      | Conn the Octopode Fire Elementalist began the quest for the
                  | Orb.
     0 | D:1      | Reached XP level 1. HP: 11/11 MP: 3/3
   144 | D:1      | Reached XP level 2. HP: 17/17 MP: 3/5
   473 | D:1      | Reached XP level 3. HP: 9/21 MP: 0/6
  1134 | D:2      | Found a bloodstained altar of Trog.
  1175 | D:2      | Noticed an air elemental
  1176 | D:2      | Found a stormy altar of Qazlal.
  1184 | D:2      | Noticed an earth elemental
  1184 | D:2      | Noticed a water elemental
  1184 | D:2      | Noticed a fire elemental
  1247 | D:2      | Found a blossoming altar of Fedhas.
  1534 | D:2      | Found a shattered altar of Ashenzari.
  2062 | D:3      | Reached XP level 4. HP: 27/27 MP: 5/7
  2208 | D:3      | Slain by an orc

Levels and vault maps discovered:
D:1:      erik_arrival_cave_to_civilisation [erik_arrival_cave_to_hall],
          layout_basic, minmay_close_crescents
D:2:      layout_basic, ashenzari_altar_1, nicolae_qazlal_style_of_elements,
          overflow_temple_1_default, lemuel_coloured_pillars_altar
D:3:      layout_loops_ring, minmay_misc_feat_room, minmay_checkerbox

Table legend:
 A = Non-vault XP
 B = Vault XP
 C = Vault XP percentage of total XP
 D = Non-vault monster count
 E = Vault monster count
 F = Vault count percentage of total count
                 A         B        C        D         E       F
            +---------+---------+-------+---------+---------+-------
      Total |     101 |      14 |  12.2 |      38 |       8 |  17.4
            +---------+---------+-------+---------+---------+-------
        D:1 |      30 |       8 |  21.1 |      15 |       5 |  25.0
        D:2 |      22 |       0 |   0.0 |      11 |       0 |   0.0
        D:3 |      49 |       6 |  10.9 |      12 |       3 |  20.0
            +---------+---------+-------+---------+---------+-------
